| TOP OF THE 1ST |
|
Corpus Christi Hooks batting - Pitching for Northwest Arkansas Naturals : RHP Brett Essary
|
|
Pitching: RHP Brett Essary
|
|
|
Batting: LHB Jose Chavez
|
0-0: Called Strike 0-1: Ball 1-1: Foul Ball, location: 2F 1-2: Ball 2-2: Strikes out looking
|
|
Batting: RHB Edgar Trejo
|
0-0: Swinging Strike 0-1: Ball 1-1: Ball 2-1: Ball 3-1: Called Strike 3-2: Strikes out swinging
|
|
Batting: RHB Duncan Collins
|
0-0: Ball 1-0: Ball 2-0: Foul Ball, location: 2F 2-1: Foul Ball, location: 2F 2-2: Foul Ball, location: 2F 2-2: Strikes out swinging
|
| Top of the 1st over - 0 runs, 0 hits, 0 errors, 0 left on base; Corpus Christi 0 - Northwest Arkansas 0 |
| BOTTOM OF THE 1ST |
|
Northwest Arkansas Naturals batting - Pitching for Corpus Christi Hooks : RHP Elroy Meulenkamp
|
|
Pitching: RHP Elroy Meulenkamp
|
|
|
Batting: RHB Edwin Ramos
|
0-0: Foul Ball, location: 2F 0-1: Called Strike 0-2: Strikes out swinging
|
|
Batting: RHB Kevin Allen
|
0-0: SINGLE (Groundball, 3D, EV 94.4 MPH)
|
|
Batting: LHB Edgar Ortiz
|
0-0: Called Strike Kevin Allen steals 2nd, throwing error, E2 Kevin Allen to third 0-1: Ball 1-1: Ball 2-1: Swinging Strike 2-2: Strikes out looking
|
|
Batting: RHB Nick Julien
|
0-0: Called Strike 0-1: Ground out 6-3 (Groundball, 6, EV 86.2 MPH)
|
| Bottom of the 1st over - 0 runs, 1 hit, 1 error, 1 left on base; Corpus Christi 0 - Northwest Arkansas 0 |
| TOP OF THE 2ND |
|
Corpus Christi Hooks batting - Pitching for Northwest Arkansas Naturals : RHP Brett Essary
|
|
Batting: RHB Jesus Malave
|
0-0: Ball 1-0: SINGLE (Line Drive, 4M, EV 98.8 MPH)
|
|
Batting: RHB Alex Campos
|
0-0: Called Strike 0-1: Called Strike 0-2: Strikes out swinging
|
|
Batting: RHB Pat McCoy
|
0-0: Ball 1-0: Ball Jesus Malave steals 2nd base 2-0: Ground out 4-3 (Groundball, 4, EV 83.8 MPH) Jesus Malave to third
|
|
Batting: RHB Yi-lin Niu
|
0-0: Ball 1-0: Foul Ball, location: 2F 1-1: Swinging Strike 1-2: Strikes out swinging
|
| Top of the 2nd over - 0 runs, 1 hit, 0 errors, 1 left on base; Corpus Christi 0 - Northwest Arkansas 0 |
| BOTTOM OF THE 2ND |
|
Northwest Arkansas Naturals batting - Pitching for Corpus Christi Hooks : RHP Elroy Meulenkamp
|
|
Batting: LHB Pablo Serrato
|
0-0: Ball 1-0: Ball 2-0: Foul Ball, location: 2F 2-1: Fly out, F9 (Line Drive, 9S, EV 93.1 MPH)
|
|
Batting: LHB Danny Zuniga
|
0-0: Ball 1-0: Fly out, F8 (Flyball, 78XD, EV 101.9 MPH)
|
|
Batting: LHB Danny Pacheco
|
0-0: Called Strike 0-1: Fly out, F9 (Line Drive, 9, EV 95.6 MPH)
|
| Bottom of the 2nd over - 0 runs, 0 hits, 0 errors, 0 left on base; Corpus Christi 0 - Northwest Arkansas 0 |
| TOP OF THE 3RD |
|
Corpus Christi Hooks batting - Pitching for Northwest Arkansas Naturals : RHP Brett Essary
|
|
Batting: RHB Dustin Hartman
|
0-0: Ball 1-0: Ball 2-0: Ball 3-0: Base on Balls
|
|
Batting: RHB Dave Gallegos
|
0-0: Ball 1-0: Called Strike 1-1: Foul Ball, location: 2F 1-2: Ball 2-2: Grounds into double play, 6-4-3 (Groundball, 6, EV 103.8 MPH)
|
|
Batting: LHB Jose Chavez
|
0-0: Foul Ball, location: 2F 0-1: Ball 1-1: Ground out 1-3 (Groundball, 13, EV 66.9 MPH)
|
| Top of the 3rd over - 0 runs, 0 hits, 0 errors, 0 left on base; Corpus Christi 0 - Northwest Arkansas 0 |
| BOTTOM OF THE 3RD |
|
Northwest Arkansas Naturals batting - Pitching for Corpus Christi Hooks : RHP Elroy Meulenkamp
|
|
Batting: RHB Jonas Fernandez
|
0-0: Ball 1-0: Foul Ball, location: 2F 1-1: Fly out, F5 (Popup, 56, EV 70.6 MPH)
|
|
Batting: RHB Adam Krieger
|
0-0: Swinging Strike 0-1: Ball 1-1: Ball 2-1: Ball 3-1: Ground out 1-3 (Groundball, 13S, EV 74.4 MPH)
|
|
Batting: RHB Edwin Ramos
|
0-0: Called Strike 0-1: SINGLE (Groundball, 56S, EV 75.0 MPH) (infield hit)
|
|
Batting: RHB Kevin Allen
|
0-0: Ball 1-0: Foul Ball, location: 2F 1-1: Foul Ball, location: 2F 1-2: Foul Ball, location: 2F 1-2: Ball 2-2: DOUBLE (Line Drive, 78D, EV 105.6 MPH) Edwin Ramos to third
|
|
Batting: LHB Edgar Ortiz
|
0-0: Ball 1-0: Called Strike 1-1: Ball 2-1: Called Strike 2-2: Ball 3-2: Base on Balls
|
|
Batting: RHB Nick Julien
|
0-0: Swinging Strike 0-1: Swinging Strike 0-2: Ball 1-2: Strikes out swinging
|
| Bottom of the 3rd over - 0 runs, 2 hits, 0 errors, 3 left on base; Corpus Christi 0 - Northwest Arkansas 0 |
| TOP OF THE 4TH |
|
Corpus Christi Hooks batting - Pitching for Northwest Arkansas Naturals : RHP Brett Essary
|
|
Batting: RHB Edgar Trejo
|
0-0: SINGLE (Groundball, 6D, EV 105.0 MPH)
|
|
Batting: RHB Duncan Collins
|
0-0: Ball 1-0: Called Strike 1-1: Foul Ball, location: 2F 1-2: Strikes out swinging
|
|
Batting: RHB Jesus Malave
|
0-0: Called Strike Edgar Trejo is caught stealing 2nd base 2-4 0-1: Ball 1-1: DOUBLE (Line Drive, 7LM, EV 104.4 MPH)
|
|
Batting: RHB Alex Campos
|
0-0: Ball 1-0: Ball 2-0: Ball 3-0: Called Strike 3-1: Foul Ball, location: 2F 3-2: Strikes out swinging
|
| Top of the 4th over - 0 runs, 2 hits, 0 errors, 1 left on base; Corpus Christi 0 - Northwest Arkansas 0 |
| BOTTOM OF THE 4TH |
|
Northwest Arkansas Naturals batting - Pitching for Corpus Christi Hooks : RHP Elroy Meulenkamp
|
|
Batting: LHB Pablo Serrato
|
0-0: Ball 1-0: Ball 2-0: SINGLE (Line Drive, 78M, EV 103.8 MPH)
|
|
Batting: LHB Danny Zuniga
|
0-0: Ball 1-0: Called Strike 1-1: Foul Ball, location: 2F 1-2: Ball 2-2: Strikes out swinging
|
|
Batting: LHB Danny Pacheco
|
0-0: Called Strike 0-1: Foul Ball, location: 2F 0-2: Fly out, F7 (Flyball, 7, EV 88.1 MPH)
|
|
Batting: RHB Jonas Fernandez
|
0-0: Ball 1-0: Swinging Strike 1-1: Foul Ball, location: 2F 1-2: Ball 2-2: Ball 3-2: Ground out 6-3 (Groundball, 56, EV 106.2 MPH)
|
| Bottom of the 4th over - 0 runs, 1 hit, 0 errors, 1 left on base; Corpus Christi 0 - Northwest Arkansas 0 |
| TOP OF THE 5TH |
|
Corpus Christi Hooks batting - Pitching for Northwest Arkansas Naturals : RHP Brett Essary
|
|
Batting: RHB Pat McCoy
|
0-0: Ball 1-0: Ground out 6-3 (Groundball, 56, EV 98.8 MPH)
|
|
Batting: RHB Yi-lin Niu
|
0-0: Called Strike 0-1: Ball 1-1: Called Strike 1-2: Foul Ball, location: 2F 1-2: Ball 2-2: Foul Ball, location: 2F 2-2: Ground out 6-3 (Groundball, 6S, EV 68.1 MPH)
|
|
Batting: RHB Dustin Hartman
|
0-0: Ball 1-0: Ball 2-0: Called Strike 2-1: Swinging Strike 2-2: Strikes out swinging
|
| Top of the 5th over - 0 runs, 0 hits, 0 errors, 0 left on base; Corpus Christi 0 - Northwest Arkansas 0 |
| BOTTOM OF THE 5TH |
|
Northwest Arkansas Naturals batting - Pitching for Corpus Christi Hooks : RHP Elroy Meulenkamp
|
|
Batting: RHB Adam Krieger
|
0-0: Ground out 4-3 (Groundball, 13, EV 86.2 MPH)
|
|
Batting: RHB Edwin Ramos
|
0-0: Ball 1-0: Called Strike 1-1: Ground out 6-3 (Groundball, 56, EV 80.6 MPH)
|
|
Batting: RHB Kevin Allen
|
0-0: Ball 1-0: Swinging Strike 1-1: Called Strike 1-2: Fly out, F4 (Popup, 4M, EV 58.1 MPH)
|
| Bottom of the 5th over - 0 runs, 0 hits, 0 errors, 0 left on base; Corpus Christi 0 - Northwest Arkansas 0 |
| TOP OF THE 6TH |
|
Corpus Christi Hooks batting - Pitching for Northwest Arkansas Naturals : RHP Brett Essary
|
|
Pitching: RHP Alex Sanders
|
|
|
Batting: RHB Dave Gallegos
|
0-0: Swinging Strike 0-1: Ball 1-1: Ground out 5-3 (Groundball, 56S, EV 82.5 MPH)
|
|
Batting: LHB Jose Chavez
|
0-0: Called Strike 0-1: Foul Ball, location: 2F 0-2: Strikes out swinging
|
|
Batting: RHB Edgar Trejo
|
0-0: Ball 1-0: Ball 2-0: Called Strike 2-1: Called Strike 2-2: Strikes out swinging
|
| Top of the 6th over - 0 runs, 0 hits, 0 errors, 0 left on base; Corpus Christi 0 - Northwest Arkansas 0 |
| BOTTOM OF THE 6TH |
|
Northwest Arkansas Naturals batting - Pitching for Corpus Christi Hooks : RHP Elroy Meulenkamp
|
|
Batting: LHB Edgar Ortiz
|
0-0: Ball 1-0: Ball 2-0: Ball 3-0: Foul Ball, location: 2F 3-1: Base on Balls
|
|
Batting: RHB Nick Julien
|
0-0: SINGLE (Groundball, 6M, EV 80.0 MPH) (infield hit) Edgar Ortiz to second
|
|
Batting: LHB Pablo Serrato
|
0-0: Ball 1-0: Ball 2-0: Ball 3-0: Called Strike 3-1: Base on Balls Edgar Ortiz to third Nick Julien to second
|
|
Batting: LHB Danny Zuniga
|
0-0: SINGLE (Groundball, 6, EV 98.1 MPH) Edgar Ortiz scores Nick Julien to third Pablo Serrato to second Runner from 3rd tries for Home, SAFE, throw by CF to home
|
|
Batting: LHB Danny Pacheco
|
0-0: Fielders Choice at 2nd, 5-4 (Groundball, 6, EV 84.4 MPH) Pablo Serrato to third
|
|
Batting: RHB Jonas Fernandez
|
0-0: Foul Ball, location: 2F 0-1: Ball 1-1: Swinging Strike 1-2: Ball 2-2: Foul Ball, location: 2F 2-2: Fly out, F6 (Line Drive, 6, EV 67.5 MPH)
|
|
Batting: RHB Adam Krieger
|
0-0: Ball 1-0: Foul Ball, location: 2F 1-1: Ball 2-1: Fly out, F6 (Popup, 6MD, EV 71.9 MPH)
|
| Bottom of the 6th over - 2 runs, 2 hits, 0 errors, 2 left on base; Corpus Christi 0 - Northwest Arkansas 2 |
| TOP OF THE 7TH |
|
Corpus Christi Hooks batting - Pitching for Northwest Arkansas Naturals : RHP Alex Sanders
|
|
Batting: RHB Duncan Collins
|
0-0: Ball 1-0: Called Strike 1-1: Ball 2-1: Ball 3-1: Base on Balls
|
|
Batting: RHB Jesus Malave
|
0-0: Ball 1-0: Foul Ball, location: 2F 1-1: Called Strike 1-2: Fielders Choice at 2nd, 1-4 (Groundball, 15S, EV 62.5 MPH)
|
|
Batting: RHB Alex Campos
|
0-0: Ball 1-0: Called Strike Jesus Malave is caught stealing 2nd base 2-4 1-1: Ball 2-1: Called Strike 2-2: Ground out 5-3 (Groundball, 5S, EV 80.6 MPH)
|
| Top of the 7th over - 0 runs, 0 hits, 0 errors, 0 left on base; Corpus Christi 0 - Northwest Arkansas 2 |
| BOTTOM OF THE 7TH |
|
Northwest Arkansas Naturals batting - Pitching for Corpus Christi Hooks : RHP Elroy Meulenkamp
|
|
Batting: RHB Edwin Ramos
|
0-0: Ball 1-0: Foul Ball, location: 2F 1-1: Ball 2-1: Ball 3-1: Called Strike 3-2: Foul Ball, location: 2F 3-2: Foul Ball, location: 2F 3-2: TRIPLE (Flyball, 78XD, EV 90.0 MPH)
|
|
Pitching: RHP Zack Evans
|
|
|
Batting: RHB Kevin Allen
|
0-0: Swinging Strike 0-1: Ball 1-1: Foul Ball, location: 2F 1-2: Ball 2-2: Strikes out looking
|
|
Batting: LHB Edgar Ortiz
|
0-0: Ball 1-0: Swinging Strike 1-1: Ball 2-1: Ball 3-1: Base on Balls
|
|
Batting: RHB Nick Julien
|
0-0: SINGLE (Line Drive, 56D, EV 98.1 MPH) Edwin Ramos scores Edgar Ortiz to second Runner from 2nd tries for 3rd, SAFE, throw by LF made to third
|
|
Batting: LHB Pablo Serrato
|
0-0: Grounds into double play, 4-6-3 (Groundball, 4, EV 83.8 MPH)
|
| Bottom of the 7th over - 1 run, 2 hits, 0 errors, 1 left on base; Corpus Christi 0 - Northwest Arkansas 3 |
| TOP OF THE 8TH |
|
Corpus Christi Hooks batting - Pitching for Northwest Arkansas Naturals : RHP Alex Sanders
|
|
Pitching: RHP Ryan Crump
|
|
|
Batting: RHB Pat McCoy
|
0-0: Called Strike 0-1: Fly out, F8 (Flyball, 8RXD, EV 76.2 MPH)
|
|
Batting: RHB Yi-lin Niu
|
0-0: Ground out 6-3 (Groundball, 6, EV 83.1 MPH)
|
|
Batting: RHB Dustin Hartman
|
0-0: Ground out 4-3 (Groundball, 4, EV 108.8 MPH)
|
| Top of the 8th over - 0 runs, 0 hits, 0 errors, 0 left on base; Corpus Christi 0 - Northwest Arkansas 3 |
| BOTTOM OF THE 8TH |
|
Northwest Arkansas Naturals batting - Pitching for Corpus Christi Hooks : RHP Zack Evans
|
|
Batting: LHB Danny Zuniga
|
0-0: Ball 1-0: Foul Ball, location: 2F 1-1: Ball 2-1: Ball 3-1: Base on Balls
|
|
Batting: LHB Danny Pacheco
|
0-0: Ball 1-0: SINGLE (Groundball, 6D, EV 95.6 MPH) Danny Zuniga to second
|
|
Batting: RHB Jonas Fernandez
|
0-0: Ball 1-0: Swinging Strike 1-1: Ball 2-1: Swinging Strike 2-2: Foul Ball, location: 2F 2-2: Foul Ball, location: 2F 2-2: Strikes out swinging
|
|
Batting: RHB Adam Krieger
|
0-0: Called Strike 0-1: Called Strike 0-2: Ball 1-2: Strikes out swinging
|
|
Batting: RHB Edwin Ramos
|
0-0: Ball 1-0: Called Strike 1-1: Foul Ball, location: 2F 1-2: Fielders Choice at 2nd, 6-4 (Groundball, 6, EV 78.8 MPH)
|
| Bottom of the 8th over - 0 runs, 1 hit, 0 errors, 2 left on base; Corpus Christi 0 - Northwest Arkansas 3 |
| TOP OF THE 9TH |
|
Corpus Christi Hooks batting - Pitching for Northwest Arkansas Naturals : RHP Ryan Crump
|
|
Pitching: RHP Malachi Shelton
|
|
|
Batting: RHB Dave Gallegos
|
0-0: Called Strike 0-1: Ball 1-1: Ball 2-1: Fly out, F7 (Flyball, 7, EV 81.2 MPH)
|
|
Batting: LHB Jose Chavez
|
0-0: Ball 1-0: Swinging Strike 1-1: SINGLE (Groundball, 4MD, EV 109.4 MPH)
|
|
Batting: RHB Edgar Trejo
|
0-0: Fielders Choice at 2nd, 4-6 (Groundball, 34, EV 87.5 MPH)
|
|
Batting: RHB Duncan Collins
|
0-0: Fielders Choice at 2nd, 6-4 (Groundball, 56, EV 101.9 MPH)
|
| Top of the 9th over - 0 runs, 1 hit, 0 errors, 1 left on base; Corpus Christi 0 - Northwest Arkansas 3 |
|